 Dungeon Crawl Stone Soup version 0.30.0-5-g1a98f26d00 (webtiles) character file.

Game seed: 11405678373361836208

683 MacCMillion the Digger (level 7, -1/36 HPs)
             Began as a Gargoyle Earth Elementalist on May 12, 2023.
             Killed by nerve-wracking pain
             ... invoked by Menkaure
              (5 damage)
             ... on level 5 of the Dungeon.
             The game lasted 00:11:24 (5774 turns).

MacCMillion the Digger (GrEE)                       Turns: 5774, Time: 00:11:25

Health: -1/36      AC:  6    Str: 12    XL:     7   Next: 61%
Magic:  3/13       EV: 11    Int: 17    God:
Gold:   162        SH:  0    Dex: 10    Spells: 8/14 levels left

rFire   . . .        r - +6 club
rCold   . . .        (no shield)
rNeg    + . .        a - +0 robe
rPois   ∞            (no helmet)
rElec   +            (no cloak)
rCorr   .            (no gloves)
SInv    .            (no boots)
Will    .....        (no amulet)
Stlth   ++           (no ring)
HPRegen 0.26/turn    (no ring)
MPRegen 0.13/turn

%: no passive effects
@: very slightly contaminated
A: sickness immunity, AC +4, negative energy resistance 1, electricity
resistance, torment resistance 1, petrification resistance
a: no special abilities


You were on level 5 of the Dungeon.
You visited 2 branches of the dungeon, and saw 6 of its levels.

You collected 162 gold pieces.

Inventory:

Hand Weapons
 q - a +4 dagger
 r - a +6 club (weapon)
Missiles
 n - 7 poisoned darts
 t - a throwing net
Armour
 a - a +0 robe (worn)
 l - a +0 buckler
 s - a +0 robe
Jewellery
 u - a ring of resist corrosion
 v - a ring of ice
Wands
 h - a wand of digging (4)
 y - a wand of quicksilver (11)
Scrolls
 c - a scroll of amnesia
 e - 2 scrolls of poison {unknown}
 f - 2 scrolls of magic mapping {unknown}
 g - 3 scrolls of enchant weapon
 j - a scroll of fear
 m - a scroll of brand weapon
 o - 3 scrolls of teleportation {unknown}
 p - a scroll of silence
 w - a scroll of immolation
 x - a scroll of fog
 A - a scroll of identify
Potions
 b - a potion of magic
 d - a potion of invisibility {unknown}
 i - 4 potions of attraction
 k - 2 potions of haste
 z - 2 potions of flight


   Skills:
 - Level 1.5 Dodging
 - Level 2.1 Stealth
 - Level 4.0 Spellcasting
 + Level 2.4 Conjurations
 - Level 3.7 Translocations
 - Level 0.7 Transmutations
 - Level 7.0 Earth Magic


You had 8 spell levels left.
You knew the following spells:

 Your Spells              Type           Power      Damage    Failure   Level
a - Sandblast             Erth           54%        2d13      1%          1
b - Stone Arrow           Conj/Erth      38%        3d9       7%          3
c - Blink                 Tloc           32%        N/A       4%          2

Your spell library contained the following spells:

 Spells                   Type           Power      Damage    Failure   Level
 Lesser Beckoning         Tloc           32%        N/A       4%          2
 Passwall                 Tmut/Erth      13%        N/A       4%          2
 Momentum Strike          Conj/Tloc      28%        3d8       7%          2
 Static Discharge         Conj/Air       14%        2-3/arc   14%         2
 Petrify                  Tmut/Erth      16%        N/A       32%         4
 Airstrike                Air            1%         2d(1-17)  83%         4
 Summon Lightning Spire   Summ/Air       3%         N/A       83%         4
 Iskenderun's Battlesphe  Conj           11%        2d7       85%         5
 Iron Shot                Conj/Erth      9%         9d3       98%         6
 Spellforged Servitor     Conj/Summ      3%         N/A       100%        7


Dungeon Overview and Level Annotations

Branches:
Dungeon (5/15)             Temple (1/1) D:4

Altars:
Cheibriados
Dithmenos
Fedhas
Makhleb
Okawaru
Qazlal
Sif Muna
Trog
Wu Jian
Xom
Yredelemnul
Zin
The Shining One

Annotations:
D:2 Sigmund
D:5 Menkaure


Innate Abilities, Weirdness & Mutations

You are immune to sickness and miasma.
Your stone body is resilient. (AC +4)
You are immune to poison.
You resist negative energy. (rN+)
You are resistant to electric shocks. (rElec)
You are resistant to unholy torment.
You are immune to petrification.


Message History

Aim: Menkaure (85% to hit)
You miscast Stone Arrow.
You are very lightly contaminated with residual magic.
Nothing appears to happen.
Menkaure calls on the powers of darkness!
Your body is wracked with pain!
Unknown command.
Casting: Stone Arrow (dangerous; 7% risk of failure)
Confirm with . or Enter, or press ? or * to list all spells.
Aiming: Stone Arrow (dangerous; 7% risk of failure)
Press: ? - help, Shift-Dir - straight line, f/p - Menkaure
Aim: Menkaure (85% to hit)
You miscast Stone Arrow.
Nothing appears to happen.
Unknown command.
Casting: Stone Arrow (dangerous; 7% risk of failure)
Confirm with . or Enter, or press ? or * to list all spells.
Aiming: Stone Arrow (dangerous; 7% risk of failure)
Press: ? - help, Shift-Dir - straight line, f/p - Menkaure
Aim: Menkaure (85% to hit)
Okay, then.
The blast of sand hits Menkaure.
Menkaure is lightly damaged.
The blast of sand hits Menkaure.
Menkaure is lightly damaged.
The blast of sand hits Menkaure!
Menkaure is severely damaged.
Menkaure hits you!
Menkaure mumbles some strange words.
Menkaure seems to speed up.
You miscast Sandblast.
Nothing appears to happen.
Menkaure hits you!
* * * LOW HITPOINT WARNING * * *
You are too injured to fight recklessly!
Aiming: Sandblast (safe; 1% risk of failure)
Press: ? - help, Q - select action, (/) - cycle Shift-Dir - straight line, f/p - Menkaure
Aim: Menkaure (severely damaged, fast, 92% to hit)
The blast of sand hits Menkaure!
Menkaure is almost destroyed.
Menkaure casts a spell at you. Pain shoots through your body!
You die...

#.# #.# #.# #.# .# #.# +# .#
#.# #. ..## ##### .## ### .
..## ..###...###[..###.
.###. M#$ ##.#..M@.#.###.#.
.#.# #.. #...#...#...#...#
#... #..
#...#####...#...#####... #..
#...#...#.[.#...#...#...
#.###.#.....#.###.#.....#.#
##..M###...###...###...###.
#.....#.###.#.....#.###.#..
#.#...#...#...#...#...#...#.
#.#####...#...#####...#...##


You could see Menkaure (fast).

Vanquished Creatures
  An ice beast (D:5)
  An ogre (D:4)
  A phantom (D:4)
  A scorpion (D:5)
  An iguana (D:4)
  Jessica (D:3)
  Natasha (thrice) (D:4)
  Ijyb (D:4)
  4 orc wizards
  Robin (D:4)
  4 adders
  A worm (D:2)
  A dart slug (D:1)
  6 orcs (D:4)
  3 bats (D:1)
  4 endoplasms
  3 giant cockroaches
  13 goblins
  9 hobgoblins
  5 jackals
  5 quokkas
  5 ball pythons
  A frilled lizard (D:1)
  4 kobolds
  A rat (D:2)
80 creatures vanquished.

Notes
Turn   | Place    | Note
-------+----------+-------------------------------------------
     0 | D:1      | MacCMillion the Gargoyle Earth Elementalist began the quest
                  | for the Orb.
     0 | D:1      | Reached XP level 1. HP: 10/10 MP: 3/3
   246 | D:1      | Reached skill level 4 in Earth Magic
   305 | D:1      | Reached XP level 2. HP: 15/15 MP: 3/5
  1146 | D:2      | Found a faded altar of an unknown god.
  1200 | D:2      | Noticed Sigmund
  1301 | D:2      | Reached skill level 5 in Earth Magic
  1301 | D:2      | Reached XP level 3. HP: 19/19 MP: 2/6
  1973 | D:3      | Learned a level 3 spell: Stone Arrow
  1976 | D:3      | Learned a level 2 spell: Blink
  2088 | D:3      | Noticed Jessica
  2093 | D:3      | Killed Jessica
  2094 | D:3      | Reached skill level 6 in Earth Magic
  2094 | D:3      | Reached XP level 4. HP: 24/24 MP: 4/7
  2179 | D:3      | Found an iron altar of Okawaru.
  2464 | D:3      | Found a shimmering blue altar of Sif Muna.
  2697 | D:3      | Reached XP level 5. HP: 8/28 MP: 2/8
  3308 | D:4      | Reached skill level 7 in Earth Magic
  3308 | D:4      | Reached skill level 1 in Translocations
  3719 | D:4      | Noticed Robin
  3734 | D:4      | Found a staircase to the Ecumenical Temple.
  3810 | D:4      | Noticed Natasha
  3815 | D:4      | Killed Natasha
  3816 | D:4      | Reached XP level 6. HP: 26/32 MP: 5/9
  4006 | D:4      | Noticed Ijyb
  4405 | D:4      | Noticed Natasha
  4410 | D:4      | Killed Natasha
  4517 | D:4      | Reached XP level 7. HP: 32/36 MP: 5/12
  4533 | D:4      | Noticed Natasha
  4556 | D:4      | Killed Natasha
  4870 | D:4      | Found an ornate altar of the Wu Jian Council.
  4986 | D:4      | Killed Robin
  5156 | D:4      | Killed Ijyb
  5293 | Temple   | Entered the Ecumenical Temple
  5570 | D:5      | Entered Level 5 of the Dungeon
  5753 | D:5      | Noticed Menkaure
  5774 | D:5      | Killed from afar by Menkaure

Illustrated notes

Levels and vault maps discovered:
D:1:      dpeg_arrival_pits, layout_loops_ring, minmay_small_reverse_x
D:2:      layout_basic, shapermc_ecumenical_altar_ellora,
          kennysheep_generic_room_15, uniq_sigmund
D:3:      layout_loops_ring, okawaru_gym_becter, led_sif_book, uniq_jessica
D:4:      layout_basic, general_overflow_altar,
          minmay_temple_entry_enclosed_plants, serial_bayou,
          serial_bayou_pond_d, serial_bayou_shore_b, serial_bayou_ford_a,
          serial_bayou_shore_a, uniq_ijyb, uniq_robin, uniq_natasha
D:5:      nicolae_cairo_tiling, layout_loops_corners, uniq_grinder,
          uniq_menkaure
Temple:   dpeg_chambers_temple

Skill      XL: |  1  2  3  4  5  6  7 |
---------------+----------------------+-----
Earth Magic    | 4 5 6 7 |  7.0
Translocations | 1 3 |  3.7
Spellcasting   | 3 4 |  4.0
Conjurations   | 2 |  2.4
Dodging        | |  1.5
Stealth        | |  2.1
Transmutations | |  0.7

Action                     |  1- 3 |  4- 6 |  7- 9 || total
---------------------------+-------+-------+-------++-------
  Melee: Dagger            |     1 |       |       ||     1
  Throw: Dart              |     2 |     6 |       ||     8
   Cast: Sandblast         |    42 |    63 |    33 ||   138
         Blink             |       |     1 |       ||     1
    Use: Scroll            |       |    10 |       ||    10
   Stab: Sleeping          |     1 |       |       ||     1
 Armour: Robe              |    10 |    10 |     2 ||    22
  Dodge: Dodged            |    17 |    10 |     3 ||    30
